 Dungeon Crawl Stone Soup version 0.26-a0-753-g4680b4fa2e (webtiles) character file.

Game seed: 11630816164433904293

361 Queen the Distorting Demonspawn (level 6, 0/49 HPs)
             Began as a Demonspawn Abyssal Knight on Nov 7, 2020.
             Was a Believer of Lugonu.
             Succumbed to a gnoll's poison
             ... on level 4 of the Dungeon.
             The game lasted 00:11:52 (4644 turns).

Queen the Distorting Demonspawn (DsAK)              Turns: 4644, Time: 00:11:52

Health: 0/49       AC:  5    Str: 14    XL:     6   Next: 38%
Magic:  9/9        EV: 12    Int: 14    God:    Lugonu [**....]
Gold:   184        SH:  0    Dex: 12    Spells: 5/5 levels left

rFire    . . .     SeeInvis .   a - +1 mace
rCold    + . .     Faith    .   (no shield)
rNeg     + . .     Spirit   .   n - +1 leather armour {rC+}
rPois    .         Reflect  .   b - +0 helmet (curse)
rElec    .         Harm     .   (no cloak)
rCorr    .         Rampage  .   (no gloves)
MR       .....                  (no boots)
Stlth    +.........             o - amulet of regeneration
HPRegen  0.56/turn              k - ring of positive energy
MPRegen  0.11/turn              (no ring)

@: lethally poisoned (0 -> -9)
A: talons 1
a: Depart the Abyss, Bend Space, Renounce Religion


You were on level 4 of the Dungeon.
You worshipped Lugonu.
Lugonu was pleased with you.
You visited 1 branch of the dungeon, and saw 4 of its levels.
You visited the Abyss 1 time.

You collected 184 gold pieces.

Inventory:

Hand Weapons
 a - a +1 mace (weapon)
Armour
 b - a cursed +0 helmet (worn)
 n - a +1 leather armour of cold resistance (worn)
 s - a +0 buckler
Jewellery
 k - a ring of positive energy (left hand)
 o - an amulet of regeneration (around neck)
Wands
 g - a wand of iceblast (13)
 l - a wand of random effects (23)
Scrolls
 d - 2 scrolls of noise
 f - a scroll of blinking
 i - 2 scrolls of enchant armour
 j - 2 scrolls of enchant weapon
 m - 2 scrolls of remove curse
Potions
 c - 2 potions of flight
 h - 3 potions of curing {unknown}
 p - a potion of attraction {unknown}
 q - a potion of mutation {unknown}


   Skills:
 * Level 4.5 Fighting
 + Level 2.8 Maces & Flails
 + Level 2.7 Armour
 + Level 2.2 Dodging
 * Level 0.7 Shields
 * Level 5.0 Invocations


You had 5 spell levels left.
You didn't know any spells.
Your spell library was empty.

Dungeon Overview and Level Annotations

Branches:
Dungeon (4/15)
 Temple: D:4-7

Altars:
Elyvilon
Gozag
Makhleb
Nemelex Xobeh
Trog
Zin

Annotations:
D:4 Dowan, Duvessa


Innate Abilities, Weirdness & Mutations

You have sharp toenails.


Message History

The gnoll closely misses you.
* * * LOW HITPOINT WARNING * * *
You feel sick. The gnoll barely misses you.
You barely miss the gnoll.
The gnoll is severely wounded.
* * * LOW HITPOINT WARNING * * *
You feel very sick. The gnoll barely misses you.
You thump the gnoll!
You kill the gnoll!
Lugonu accepts your kill.
Your Invocations skill increases to level 5!
* * * LOW HITPOINT WARNING * * *
You feel very sick.
* * * LOW HITPOINT WARNING * * *
You feel sick.
* * * LOW HITPOINT WARNING * * *
You feel sick.
There is a stone staircase leading up, spattered with blood here.
You die...

............#...#......#...#
.........)..#...#......#...#
............'...#......#...#
............#...##'#####...#
............##+###.........#
#####'###+#......#.........#
......)...#..)...#.........#
..........#......#.........#
..........#....<@#.........#
..........#......#.........#
###########......###########
########


There were no monsters in sight!

Vanquished Creatures
  An orc wizard (D:3)
  An orc priest (D:4)
  Jessica (D:3)
  An iguana (D:2)
  2 worker ants (D:4)
  7 adders
  4 gnolls
  An ooze (D:2)
  2 dart slugs
  A leopard gecko (D:4)
  12 orcs
  8 giant cockroaches
  5 goblins
  3 hobgoblins
  10 jackals
  5 kobolds
  2 quokkas
  4 bats
  6 frilled lizards
  A jackal skeleton (D:4)
  7 rats
84 creatures vanquished.

Vanquished Creatures (others)
  9 plants (D:1)
9 creatures vanquished.

Grand Total: 93 creatures vanquished

Notes
Turn   | Place    | Note
-------+----------+-------------------------------------------
     0 | Abyss:1  | Queen the Demonspawn Abyssal Knight began the quest for the
                  | Orb.
     0 | Abyss:1  | Reached XP level 1. HP: 18/18 MP: 2/2
    18 | Abyss:1  | Found a corrupted altar of Lugonu.
    31 | Abyss:1  | Noticed an earth elemental
    32 | D:1      | Escaped the Abyss
   140 | D:1      | Reached skill level 1 in Dodging
   144 | D:1      | Reached * piety under Lugonu
   146 | D:1      | Gained mutation: You have sharp toenails. [demonic
                  | ancestry]
   146 | D:1      | Reached XP level 2. HP: 5/24 MP: 3/3
  1240 | D:1      | Reached XP level 3. HP: 27/29 MP: 5/5
  1380 | D:1      | Reached skill level 3 in Invocations
  1964 | D:1      | Reached XP level 4. HP: 37/37 MP: 6/6
  2205 | D:2      | Found a burning altar of Makhleb.
  2580 | D:2      | Found a white marble altar of Elyvilon.
  2580 | D:2      | Found a glowing silver altar of Zin.
  2589 | D:2      | Found a sparkling altar of Nemelex Xobeh.
  2591 | D:2      | Found a bloodstained altar of Trog.
  2592 | D:2      | Found an opulent altar of Gozag.
  2832 | D:3      | Reached ** piety under Lugonu
  2964 | D:3      | Reached skill level 4 in Invocations
  2964 | D:3      | Reached XP level 5. HP: 28/42 MP: 6/8
  3081 | D:3      | Noticed Jessica
  3090 | D:3      | Killed Jessica
  4045 | D:4      | Noticed Dowan
  4046 | D:4      | Noticed Duvessa
  4113 | D:4      | Reached XP level 6. HP: 45/49 MP: 9/9
  4490 | D:3      | HP: 1/49 [iguana (8)]
  4633 | D:4      | HP: 2/49 [poisoned by a gnoll]
  4641 | D:4      | Reached skill level 5 in Invocations
  4643 | D:4      | HP: 1/49 [poisoned by a gnoll]
  4644 | D:4      | Succumbed to a gnoll's poison

Illustrated notes

Levels and vault maps discovered:
D:1:      kennysheep_arrival_seaside, layout_rooms, minmay_worlds_worst_comb
D:2:      layout_loops_cross, lemuel_doored_altar,
          chequers_temple_overflow_minitemple
D:3:      layout_rooms, serial_forest, infiniplex_forest_lined_corner,
          infiniplex_forest_pool, infiniplex_forest_3_way,
          infiniplex_forest_clump_tiny, infiniplex_forest_zigzag_1, uniq_jessica
D:4:      layout_gridville, nicolae_overflow_hidden_temple, uniq_duvessa

Skill      XL: |  1  2  3  4  5  6 |
---------------+-------------------+-----
Dodging        | 1 2 |  2.2
Maces & Flails | 2 |  2.8
Armour         | 2 |  2.7
Invocations    | 3 4 5 |  5.0
Fighting       | 4 |  4.5
Shields        | |  0.7

Action                   |  1- 3 |  4- 6 || total
-------------------------+-------+-------++-------
Melee: Mace              |   103 |   174 ||   277
       Kick              |    14 |    40 ||    54
Invok: Depart the Abyss  |     1 |       ||     1
  Use: Scroll            |       |     7 ||     7
       Potion            |       |     1 ||     1
Armor: Leather armour    |    35 |    47 ||    82
Dodge: Dodged            |    70 |   122 ||   192

Table legend: (Time is in decaauts)
 A = Elapsed time spent in this place.
 B = Non-inter-level travel time spent in this place.
 C = Inter-level travel time spent in this place.
 D = Time resting spent in this place.
 E = Time spent auto-exploring this place.
 F = Levels seen in this place.
 G = Mean time per level.
                   A        B        C        D        E       F      G
               +--------+--------+--------+--------+--------+-----+--------+
         Total |   4746 |   4635 |    111 |   2055 |   1620 |   5 |  949.2 |
       Dungeon |   4714 |   4603 |    111 |   2055 |   1589 |   4 | 1178.5 |
         Abyss |     32 |     32 |      0 |      0 |     31 |   1 |   32.0 |
               +--------+--------+--------+--------+--------+-----+--------+

Top non-repeatable levels by time:
     D:1: 1636 daAuts
     D:2: 1402 daAuts
     D:3: 1058 daAuts
     D:4: 617 daAuts
 Abyss:1: 32 daAuts
